[Event "Early-Titled-Tuesday-Blitz-March-26-2024"]
[Site "Chess.com"]
[Date "2024.03.26"]
[Round "6"]
[White "CFalcons8"]
[Black "theoneandonlydaaevik"]
[Result "1-0"]
[WhiteElo "2412"]
[BlackElo "2528"]
[TimeControl "180+1"]
[EndTime "9:05:21 PDT"]
[Termination "CFalcons8 won by resignation"]

1. d4 Nf6 2. Nf3 d5 3. c4 e6 4. g3 Bb4+ 5. Bd2 Be7 6. Bg2 O-O 7. O-O c6 8. Qc2 Nbd7 9. Rd1 a5 10. Bf4 b6 11. Nbd2 Bb7 12. e4 dxe4 13. Nxe4 Nxe4 14. Qxe4 Nf6 15. Qe2 Rc8 16. Ne5 Bd6 17. Rac1 Qe7 18. Bg5 h6 19. Bxf6 Qxf6 20. Nd7 Qe7 21. Nxf8 Kxf8 22.
Qe3 Rd8 23. c5 Bc7 24. cxb6 Bxb6 25. Bxc6 Bxc6 26. Rxc6 Qb4 27. Qc3 Bxd4 28. Qxb4+ axb4 29.
Kg2 e5 30. a3 bxa3 31. bxa3 Rb8 32. f4 Rb2+ 33. Kh3 f6 34. fxe5 fxe5 35. Rf1+ Ke7 36. Rc7+ Kd6 37. Rxg7 Ra2 38. Rg6+ Kd5 39. Rxh6 Rxa3 40.
Rf7 Ke4 41. Rh4+ Ke3 42. Re7 Ra2 43. Re8 Kd3 44. Rg4 Bg1 45. Rb4 Rxh2+ 46. Kg4 Bd4 47. Kg5 Kc3 48. Ra4 Rg2 49. g4 Rf2 50. Kg6 Kb3 51.
Raa8 Kc3 52. Rac8+ Kd3 53. Ra8 Rf4 54. g5 e4 55. Ra3+ Ke2 56. Ra4 e3 57. Kh7 Kf2 58. g6 e2 59. Ra2 Kf1 60. Raxe2 Rh4+ 61. Kg8 Rf4 62. R2e4 Rf6 1-0

[Event "Early-Titled-Tuesday-Blitz-March-26-2024"]
[Site "Chess.com"]
[Date "2024.03.26"]
[Round "6"]
[White "Massakru"]
[Black "nikitakhoroshev"]
[Result "0-1"]
[WhiteElo "2349"]
[BlackElo "2650"]
[TimeControl "180+1"]
[EndTime "9:05:22 PDT"]
[Termination "nikitakhoroshev won on time"]

1. e4 e5 2. Nf3 Nc6 3. d4 exd4 4.
Nxd4 Qf6 5. c3 Qg6 6. Qf3 Bc5 7. Be3 Bb6 8. Nxc6 dxc6 9. Bxb6 axb6 10. Bc4 Nf6 11. O-O O-O 12. Nd2 b5 13. Bb3 Bg4 14. Qg3 Rfd8 15. e5 Nh5 16. Qe3 Rd3 17. Qe1 Rad8 18.
Bc2 Bf5 19. Bxd3 Nf4 20. g3 Bxd3 21. Qe3 Nh3+ 22. Kg2 Bxf1+ 23. Nxf1 Ng5 24. Re1 Ne6 25.
Kg1 Qc2 26. Qe2 Qd3 27. Kg2 h6 28. Qxd3 Rxd3 29. Re2 Nc5 30. f4 Kh7 31. Rd2 Kg6 32.
Kf2 Ne4+ 33. Ke2 Nxd2 34. Nxd2 Rd8 35. g4 f6 36. e6 f5 37. gxf5+ Kxf5 38. Nf3 Kxe6 39.
Ke3 Ra8 40. a3 c5 41. Ke4 c6 42. f5+ Kf6 43. Kf4 Re8 44. h4 b6 45. h5 Re2 46. Nh4 Rxb2 47. Ng6 Ra2 48. Nf8 Ke7 49. Ng6+ Kf7 50. Ne5+ Kf6 51. Nxc6 Rxa3 52. Na7 Rxa7 0-1

[Event "Early-Titled-Tuesday-Blitz-March-26-2024"]
[Site "Chess.com"]
[Date "2024.03.26"]
[Round "6"]
[White "FairChess_on_YouTube"]
[Black "Iball95"]
[Result "1-0"]
[WhiteElo "3129"]
[BlackElo "2884"]
[TimeControl "180+1"]
[EndTime "9:05:23 PDT"]
[Termination "FairChess_on_YouTube won by resignation"]

1. Nf3 d5 2. e3 Nf6 3. c4 e6 4. b3 Be7 5. Bb2 O-O 6. Nc3 c5 7. cxd5 exd5 8. d4 Nc6 9. Be2 Ne4 10. O-O Bf6 11. Rc1 cxd4 12. Nxe4 dxe4 13. Nxd4 Nxd4 14. Bxd4 Bxd4 15. Qxd4 Qxd4 16. exd4 Rd8 17. Rc7 Be6 18. Rxb7 Rxd4 19. h3 Rd2 20. Bc4 Bxc4 21. bxc4 Rxa2 22. Re1 g6 23. Rxe4 a5 24. Ree7 Rf8 25. c5 Rc2 26. Rec7 a4 27. Ra7 Rc4 28. g3 Kg7 29. h4 h5 30. Kg2 Kf6 31. Kf3 Ke5 32.
Ke3 Kd5 33. Rd7+ Kxc5 34. Rdc7+ Kb4 35. Rxa4+ Kxa4 36. Rxc4+ Kb5 37. Rc2 Rd8 38. Ke4 Rd6 39. Ke5 Re6+ 40. Kf4 Rf6+ 41. Kg5 Rf5+ 42. Kh6 Kb4 43.
f4 Rd5 44. Kg7 Rd3 45. Rg2 Rd7 46. Rc2 Rd3 47. Rg2 Rd8 48. Kxf7 Rd6 49. Rc2 Kb3 50.
Rc5 Rd5 51. Rxd5 1-0

[Event "Early-Titled-Tuesday-Blitz-March-26-2024"]
[Site "Chess.com"]
[Date "2024.03.26"]
[Round "6"]
[White "monomita"]
[Black "artin10862"]
[Result "1-0"]
[WhiteElo "2776"]
[BlackElo "2891"]
[TimeControl "180+1"]
[EndTime "9:05:23 PDT"]
[Termination "monomita won by resignation"]

1. e4 c5 2. Nf3 Nc6 3. Bb5 e6 4. O-O Nge7 5. Re1 Nd4 6. Nxd4 cxd4 7. c3 a6 8. Bf1 Nc6 9. b4 dxc3 10. dxc3 a5 11.
b5 Nb8 12. c4 d6 13. Bf4 e5 14. Be3 Be6 15. Nc3 Nd7 16. Nd5 b6 17. f4 Be7 18.
Nxe7 Qxe7 19. f5 O-O 20. fxe6 fxe6 21. Qd2 Rad8 22. Rad1 Nc5 23. Bg5 Qc7 24. Bxd8 Rxd8 25. g3 Qe7 26. Bh3 g6 27. Qh6 Qf8 28. Qxf8+ Kxf8 29. Kf2 Ke7 30. Ke3 Rf8 31. Rf1 Rxf1 32. Bxf1 Nd7 33. h4 h6 34. Be2 Nc5 35. Rf1 Nd7 36. g4 g5 37. Rh1 Kf6 38. Rf1+ Ke7 39.
hxg5 hxg5 40. Rh1 Nf8 41. c5 dxc5 42. Bc4 Kf6 43. Rf1+ Ke7 44. Rxf8 Kxf8 45. Bxe6 Ke7 46. Bd5 c4 47. Kd2 Kd6 48. Kc3 Kc5 49. a4 Kd6 50.
Kxc4 Ke7 51. Bb7 Kd6 52. Bc8 1-0

[Event "Early-Titled-Tuesday-Blitz-March-26-2024"]
[Site "Chess.com"]
[Date "2024.03.26"]
[Round "6"]
[White "Gabrielian_Artur"]
[Black "lilleper1"]
[Result "1-0"]
[WhiteElo "2807"]
[BlackElo "2908"]
[TimeControl "180+1"]
[EndTime "9:05:24 PDT"]
[Termination "Gabrielian_Artur won by resignation"]

1. e4 c5 2. Nf3 d6 3. d4 cxd4 4. Nxd4 Nf6 5. Nc3 a6 6. Bc4 e6 7.
Be3 b5 8. Bb3 Nbd7 9. Bxe6 fxe6 10. Nxe6 Qa5 11. a3 Nc5 12. b4 Qb6 13. Nxf8 Rxf8 14. bxc5 dxc5 15. Nd5 Qc6 16. O-O Bb7 17. Nxf6+ Rxf6 18. Qh5+ g6 19. Qe5+ Kf7 20. f3 Re8 21. Qxc5 Qxc5 22. Bxc5 Rc6 23. Bb4 Rxc2 24. Rad1 Bc6 25.
Rf2 Rxf2 26. Kxf2 g5 27. Rd6 Re6 28. Rd8 g4 29. Rf8+ Kg7 30. Rf4 gxf3 31. gxf3 Bb7 32. Ke3 Rc6 33. Kd4 Rc2 34. h4 Rc8 35. Rf5 Rd8+ 36.
Ke3 Rc8 37. h5 Bc6 38. Kd4 Be8 39. Bf8+ Kg8 40. Bh6 Bd7 41. Rg5+ Kf7 42. Rg7+ Ke6 43. f4 Rc4+ 44. Kd3 Bc6 45. f5+ Kf6 46. Rg4 Ra4 47. Bg7+ Kf7 48. Bb2 a5 49. h6 Kf8 50. Bg7+ Kf7 51.
Bb2 Kf8 52. Ke3 b4 53. axb4 Rxb4 54. Bd4 a4 55. Bc5+ 1-0

[Event "Early-Titled-Tuesday-Blitz-March-26-2024"]
[Site "Chess.com"]
[Date "2024.03.26"]
[Round "6"]
[White "AryanTari"]
[Black "suyu28"]
[Result "0-1"]
[WhiteElo "2993"]
[BlackElo "2860"]
[TimeControl "180+1"]
[EndTime "9:05:25 PDT"]
[Termination "suyu28 won on time"]

1. e4 c6 2. d4 d5 3. exd5 cxd5 4. Bd3 Nc6 5. c3 Nf6 6. Bf4 Bg4 7.
Qb3 Qd7 8. Nd2 e6 9. Ngf3 Bxf3 10. Nxf3 Bd6 11. Bxd6 Qxd6 12. O-O O-O 13. Rae1 Qc7 14. Qd1 g6 15. g3 Rab8 16. Qd2 Kg7 17. h4 b5 18. a3 Rfe8 19. Ne5 Nxe5 20. dxe5 Nd7 21. Qf4 a5 22. h5 Qc5 23. Kg2 Qe7 24. Rh1 g5 25. h6+ Kh8 26. Qg4 b4 27. axb4 axb4 28. c4 dxc4 29. Bxc4 b3 30. Re4 Red8 31. Qf3 Nc5 32.
Rg4 Rd2 33. Rb1 Rbd8 34. Qe3 Rc2 35. Bxb3 Qb7+ 36. Kh3 f5 37. Bxc2 fxg4+ 38. Kxg4 Qb4+ 39. Kh5 Rg8 40. Rd1 Qb7 41. Rd6 Qh1+ 42. Kg4 Qxh6 43. Qxc5 Qh1 44. Rxe6 h5+ 0-1

[Event "Early-Titled-Tuesday-Blitz-March-26-2024"]
[Site "Chess.com"]
[Date "2024.03.26"]
[Round "6"]
[White "arnash_bauyrzhan"]
[Black "whiteglovethief"]
[Result "1-0"]
[WhiteElo "2377"]
[BlackElo "2506"]
[TimeControl "180+1"]
[EndTime "9:05:26 PDT"]
[Termination "arnash_bauyrzhan won on time"]

1. e4 e6 2. d4 d5 3. Nd2 c5 4.
Ngf3 Nc6 5. Bb5 cxd4 6. Nxd4 Bd7 7. Nxc6 bxc6 8. Bd3 Bd6 9. Nf3 Ne7 10. e5 Bc7 11. O-O c5 12. c4 d4 13. Bg5 h6 14.
Bf4 g5 15. Bg3 Nf5 16. Re1 Qe7 17. Bxf5 exf5 18. e6 Bxe6 19. Bxc7 Qxc7 20. Qa4+ Qd7 21. Qa5 Rc8 22. Ne5 Qc7 23. Qb5+ Kf8 24. Ng6+ Kg7 25.
Nxh8 Rxh8 26. Qb3 Rd8 27. Rad1 f4 28. Qd3 Qd7 29. Re5 Qd6 30. Rde1 a5 31. b3 a4 32. h4 gxh4 33. Qf3 Rg8 34. Qxf4 Kf8 35. Qxh6+ Ke7 36. Qxh4+ Kd7 37. g3 axb3 38. axb3 Qb8 39. Qf6 Rg6 40. Qf4 Qb6 41. Qe4 Qd6 42. Ra1 Ke7 43.
Ra7+ Kf6 44. Qf4+ Bf5 45. Qxf5+ Kg7 46. Qxf7+ 1-0

[Event "Early-Titled-Tuesday-Blitz-March-26-2024"]
[Site "Chess.com"]
[Date "2024.03.26"]
[Round "6"]
[White "amanjazu"]
[Black "Resignify"]
[Result "0-1"]
[WhiteElo "2523"]
[BlackElo "2273"]
[TimeControl "180+1"]
[EndTime "9:05:26 PDT"]
[Termination "Resignify won on time"]

1. e4 d6 2. d4 Nf6 3. Nc3 g6 4.
Nf3 Bg7 5. g3 O-O 6. Bg2 Nc6 7.
O-O e5 8. d5 Ne7 9. Bg5 h6 10.
Bd2 Ne8 11. Qc1 Kh7 12. h4 f5 13. h5 g5 14. exf5 Bxf5 15. Re1 Nf6 16. Qd1 Bg4 17. Qe2 Bxh5 18. Ne4 Nxe4 19. Qxe4+ Bg6 20. Qe2 Qd7 21. c4 Qf5 22. g4 Qd3 23. Qxd3 Bxd3 24. Rac1 Ng6 25.
Rc3 e4 26. Rxd3 exd3 27. Re3 Nf4 28. Bf1 Rae8 29. Bxd3+ Nxd3 30. Rxd3 Bxb2 31. Kg2 b6 32. Be3 Re4 33. Kg3 Rxc4 34. Bd4 Rxf3+ 35. Rxf3 Bxd4 36.
Rf7+ Kg6 37. Rd7 Rc2 38. Kf3 Rxf2+ 39. Ke4 Rf4+ 40. Kd3 Rf7 41. Rd8 Be5 42. Rg8+ Kh7 0-1

[Event "Early-Titled-Tuesday-Blitz-March-26-2024"]
[Site "Chess.com"]
[Date "2024.03.26"]
[Round "6"]
[White "imdvb6307"]
[Black "Tol_Tol"]
[Result "1-0"]
[WhiteElo "2514"]
[BlackElo "2344"]
[TimeControl "180+1"]
[EndTime "9:05:27 PDT"]
[Termination "imdvb6307 won on time"]

1. d4 Nf6 2. Nf3 g6 3. c4 Bg7 4. Nc3 O-O 5. e4 d6 6. Be2 e5 7.
O-O Nc6 8. d5 Ne7 9. Ne1 c5 10.
Nd3 Nd7 11. f3 f5 12. g4 Nf6 13. Be3 f4 14. Bf2 g5 15. a3 h5 16. h3 Kf7 17. Kg2 Rh8 18. b4 b6 19. Rb1 Ng6 20. Rh1 Bf8 21. bxc5 dxc5 22. a4 Bd6 23. a5 hxg4 24.
hxg4 Nh4+ 25. Bxh4 Rxh4 26. Rxh4 gxh4 27. Ra1 Ba6 28. Nf2 Nh7 29. Qa4 Ng5 30. Nh3 Kg6 31. Qc6 Rc8 32. Qa4 Bb7 33. Rb1 Rb8 34. Bd1 Bc8 35. Qa2 Bd7 36. axb6 Rxb6 37. Qxa7 Rxb1 38. Nxb1 Nxe4 39. fxe4 Bxg4 40. Bxg4 f3+ 41. Bxf3 Qf6 42. Qd7 Kh6 43. Qg4 Be7 44. Qh5+ Kg7 45. Nc3 Qb6 46.
Nb5 Qa5 47. Be2 Qe1 48. Qg4+ 1-0

[Event "Early-Titled-Tuesday-Blitz-March-26-2024"]
[Site "Chess.com"]
[Date "2024.03.26"]
[Round "6"]
[White "KarstenHansch"]
[Black "Fore_Man"]
[Result "1-0"]
[WhiteElo "2494"]
[BlackElo "2286"]
[TimeControl "180+1"]
[EndTime "9:05:27 PDT"]
[Termination "KarstenHansch won by resignation"]

1. e4 Nc6 2. d4 e5 3. Nf3 exd4 4. Nxd4 Bc5 5. Nxc6 bxc6 6. Nc3 Nf6 7. Bd3 d6 8. O-O Ng4 9. Qf3 Ne5 10. Qg3 O-O 11. Be2 Ng6 12. Kh1 f5 13. f4 Bd4 14. Bc4+ Kh8 15.
Bd2 fxe4 16. Nxe4 d5 17. Bb4 Rf5 18. Rad1 Bb6 19. Ng5 Qf6 20. Bc3 Qf8 21. Bd3 h6 22.
Nf3 Kh7 23. Bxf5 Bxf5 24. Ne5 Re8 25. Nxg6 Bxg6 26. Rde1 Be4 27. f5 Qf7 28. f6 g5 29.
Bb4 c5 30. Bc3 d4 31. Bd2 Re6 32. Qf2 Bg6 33. Rxe6 Qxe6 34. f7 Bxf7 35. Qxf7+ Qxf7 36. Rxf7+ Kg6 37. Rd7 c4 38. c3 Kf5 39. cxd4 Ke4 40.
Bc3 a5 41. Rh7 a4 42. Rxh6 a3 43. bxa3 Kd3 44. Bb4 Bxd4 45. Rc6 Bb6 46. g3 Ke3 47. h4 Kd4 48. h5 Kd5 49. Rg6 c3 50. Bxc3 Kc4 51.
Bb4 1-0

[Event "Early-Titled-Tuesday-Blitz-March-26-2024"]
[Site "Chess.com"]
[Date "2024.03.26"]
[Round "6"]
[White "js20000"]
[Black "ChristopherYoo"]
[Result "1-0"]
[WhiteElo "2819"]
[BlackElo "2959"]
[TimeControl "180+1"]
[EndTime "9:05:28 PDT"]
[Termination "js20000 won on time"]

1. Nf3 d6 2. d4 Nf6 3. g3 g6 4. Bg2 Bg7 5. O-O O-O 6. Re1 Bf5 7. Nh4 Bc8 8. e4 e5 9. Nf3 Nbd7 10. Nc3 Re8 11. a4 a5 12. h3 exd4 13. Nxd4 Nc5 14. Ndb5 Bd7 15. f3 Bxb5 16. Nxb5 Nfd7 17. c3 Ne5 18.
Bf1 c6 19. Nd4 Qb6 20. Kg2 Rad8 21. Rb1 Ned7 22. Be3 Qc7 23. b4 axb4 24. cxb4 Ne6 25. Nxe6 Rxe6 26. Qc2 Rde8 27. Bf2 Qd8 28. b5 d5 29.
exd5 Rxe1 30. Rxe1 Rxe1 31. Bxe1 cxd5 32. a5 d4 33. a6 bxa6 34. bxa6 Qb8 35. Qc6 Ne5 36. Qb7 Qxb7 37. axb7 Nc6 38. Bb5 Nb8 39. Ba5 Be5 40. f4 Bd6 41. Kf3 f5 42. Ke2 Kf7 43. Kd3 Bc5 44. Bc7 Ba7 45. Be5 Ke6 46. Kc4 d3 47.
Kxd3 Kd5 48. h4 Ke6 49. Kc4 Ke7 50. Kd5 h5 51. Bd6+ Kf6 52. Bc5 Bxc5 53. Kxc5 Ke7 54. Kb6 Kd6 55. Be8 1-0

[Event "Early-Titled-Tuesday-Blitz-March-26-2024"]
[Site "Chess.com"]
[Date "2024.03.26"]
[Round "6"]
[White "Eagle_2019"]
[Black "hakanazeri2"]
[Result "1-0"]
[WhiteElo "2864"]
[BlackElo "2582"]
[TimeControl "180+1"]
[EndTime "9:05:28 PDT"]
[Termination "Eagle_2019 won by checkmate"]

1. c4 Nf6 2. Nc3 e5 3. Nf3 Nc6 4. g3 g6 5. Bg2 Bg7 6. d4 exd4 7.
Nxd4 O-O 8. O-O Re8 9. Ndb5 a6 10.
Nd4 Nxd4 11. Qxd4 Ne4 12. Qd3 Nxc3 13. bxc3 d6 14. Rb1 Qe7 15. e4 b6 16. Bf4 Bb7 17.
Rfe1 Rad8 18. h4 h6 19. Qd2 Kh7 20. Rbd1 Qf6 21. Rc1 Qe6 22. Bf1 Qd7 23. Bd3 a5 24. Kh2 Qe6 25. f3 Ba6 26. Qe2 Be5 27. Bd2 Bg7 28. f4 Qf6 29. Be3 Kg8 30. Bd4 Qe7 31.
Qd2 h5 32. Rf1 Qd7 33. f5 Be5 34. Qg5 Kh7 35. Be3 Bg7 36. e5 Rxe5 37. Bd4 Rxf5 38.
Bxf5 Qe8 39. Bxg7 Qe2+ 40. Kg1 Kxg7 41. Bh3 Bxc4 42. Qf6+ Kh6 43. Qxd8 Qe3+ 44. Kh2 Kh7 45. Qf6 Bxf1 46. Rxf1 Kh6 47. Qh8# 1-0

[Event "Early-Titled-Tuesday-Blitz-March-26-2024"]
[Site "Chess.com"]
[Date "2024.03.26"]
[Round "6"]
[White "JimDiGrease"]
[Black "forevery0ung"]
[Result "0-1"]
[WhiteElo "2940"]
[BlackElo "2746"]
[TimeControl "180+1"]
[EndTime "9:05:29 PDT"]
[Termination "forevery0ung won by resignation"]

1. d4 e6 2. c4 b6 3. e4 Bb4+ 4.
Bd2 Bxd2+ 5. Qxd2 Bb7 6. Nc3 Ne7 7. Nf3 O-O 8. Bd3 d6 9. O-O Ng6 10. d5 Nd7 11. Rfe1 a6 12. Rac1 Qf6 13. Ne2 Rae8 14. Ng3 Nf4 15. Bf1 a5 16. b3 h5 17. Qc3 e5 18. Ne2 Nc5 19. Nxf4 Qxf4 20. g3 Qf6 21.
Nd2 Bc8 22. a3 Bd7 23. b4 Nb7 24. f4 Qh6 25. f5 axb4 26. axb4 Ra8 27. Ra1 g6 28. Bh3 h4 29. Kg2 f6 30. Rf1 Kg7 31. Nf3 hxg3 32. hxg3 Rh8 33. Bg4 gxf5 34. exf5 e4 35. Nh4 Rxa1 36. Rxa1 Qg5 37. Kh3 Nd8 38. Ra7 Nf7 39. Rxc7 Ne5 40. Be2 Qxf5+ 41. Kg2 Qh3+ 42. Kf2 Rxh4 43. Qe1 Rg4 44. Bxg4 Nxg4+ 45. Ke2 Qg2+ 46. Kd1 Qf3+ 47. Qe2 Qb3+ 48. Qc2 Ne3+ 49. Kd2 Qxc2+ 50. Kxe3 Qd3+ 51. Kf2 Qf3+ 0-1

[Event "Early-Titled-Tuesday-Blitz-March-26-2024"]
[Site "Chess.com"]
[Date "2024.03.26"]
[Round "6"]
[White "djano"]
[Black "Pelusiansky"]
[Result "0-1"]
[WhiteElo "2654"]
[BlackElo "2543"]
[TimeControl "180+1"]
[EndTime "9:05:30 PDT"]
[Termination "Pelusiansky won by resignation"]

1. e4 e5 2. d4 exd4 3. Bc4 Nc6 4. Nf3 Nf6 5. O-O d6 6. Nxd4 Be7 7. Nc3 O-O 8. h3 Bd7 9. Bf4 Re8 10. Re1 Bf8 11. a3 g6 12. Bg5 Bg7 13. Nf3 Be6 14. Bb5 h6 15. Bh4 g5 16. Bg3 Nd7 17. Bxc6 bxc6 18.
Nd4 c5 19. Nc6 Qc8 20. Nd5 Qb7 21. Nce7+ Kh8 22. Rb1 c6 23. Bxd6 cxd5 24. exd5 Rxe7 25. Bxe7 Bxd5 26. Qg4 Ne5 27. Rxe5 Bxe5 28. Bxc5 Qc6 29. b4 Bg7 30. Rd1 a5 31. Bd4 Be6 32. Bxg7+ Kxg7 33. Qd4+ Kg8 34. Qf6 Qxc2 35. Rd8+ Rxd8 36. Qxd8+ Kh7 37.
Qxa5 Qc1+ 38. Kh2 Qf4+ 39. Kg1 g4 40. hxg4 Qc1+ 41. Kh2 Qf4+ 42. Kg1 Qxg4 43. Qc5 Qd1+ 44. Kh2 Bd5 45. f3 Be6 46. b5 Qb3 47. b6 Bd5 48. a4 Qa2 49. a5 Kg6 50. Qd6+ f6 51. a6 Qxa6 52. Qxd5 Qxb6 53. Qg8+ Kf5 54. Qg4+ Ke5 55.
Qh5+ f5 56. Qxh6 Qxh6+ 0-1

[Event "Early-Titled-Tuesday-Blitz-March-26-2024"]
[Site "Chess.com"]
[Date "2024.03.26"]
[Round "6"]
[White "MalyDominator"]
[Black "The_Straightforward_Rook"]
[Result "1-0"]
[WhiteElo "2568"]
[BlackElo "2409"]
[TimeControl "180+1"]
[EndTime "9:05:30 PDT"]
[Termination "MalyDominator won on time"]

1. e4 e5 2. Nf3 Nc6 3. Bb5 Nf6 4. d3 Bc5 5. O-O Nd4 6. Nxd4 Bxd4 7. c3 Bb6 8. a4 c6 9. Bc4 O-O 10. Kh1 d5 11. exd5 cxd5 12. Bb3 Bg4 13. f3 Bh5 14. a5 Bc7 15. a6 Rb8 16. Bg5 bxa6 17. Rxa6 Bb6 18.
Nd2 h6 19. Bxf6 gxf6 20. Qe1 Bg6 21. Bc2 Kh7 22. Ra4 Rg8 23. Rh4 Bc7 24. b4 f5 25.
f4 e4 26. Nb3 Qf6 27. Nc5 Rbe8 28. dxe4 dxe4 29. Rh3 a5 30. Qe2 Rd8 31. Nb7 axb4 32. Nxd8 Rxd8 33. cxb4 Qb2 34. Rb3 Qa2 35. b5 Bb6 36.
Rc3 Bd4 37. Rb3 Bb6 38. Qc4 Rd7 39. Rc3 Rc7 40. Qxa2 Rxc3 41. Qb2 Re3 42. Qf6 Bc7 43. h3 Re2 44. Bd1 Rd2 45. b6 Bb8 46. b7 e3 47. Bf3 e2 48. Bxe2 Rxe2 49. Qd8 1-0

[Event "Early-Titled-Tuesday-Blitz-March-26-2024"]
[Site "Chess.com"]
[Date "2024.03.26"]
[Round "6"]
[White "gummigisla"]
[Black "teresin05"]
[Result "1/2-1/2"]
[WhiteElo "2427"]
[BlackElo "2293"]
[TimeControl "180+1"]
[EndTime "9:05:30 PDT"]
[Termination "Game drawn by repetition"]

1. d4 d5 2. c4 c6 3. Nf3 Nf6 4. Qc2 dxc4 5. Qxc4 Bf5 6. Bd2 e6 7. e3 Nbd7 8. a3 Bd6 9. h3 h6 10. Be2 O-O 11. O-O Nb6 12. Qc1 Ne4 13. Be1 Rc8 14. b4 Qe7 15. Nbd2 Nd5 16. Nc4 Bb8 17. Nce5 f6 18.
Nd3 e5 19. dxe5 fxe5 20. Nc5 Nxc5 21. Qxc5 Qc7 22. Bc4 Rcd8 23. Rd1 e4 24. Bxd5+ Rxd5 25. Rxd5 exf3 26. Qxf8+ Kxf8 27. Rxf5+ Kg8 28. g3 Qd7 29. Rxf3 Qxh3 30. e4 Qg4 31. Re3 Bf4 32. Rd3 Bg5 33. f3 Qe6 34. Bf2 Qc4 35. Rfd1 Kh7 36. f4 Be7 37. e5 c5 38. Rd7 Bf8 39. Rxb7 cxb4 40. axb4 Bxb4 41. e6 Bc5 42. e7 Bxf2+ 43.
Kxf2 Qc2+ 44. Ke1 Qe4+ 45. Kd2 Qd5+ 46. Ke2 Qg2+ 47. Ke3 Qxg3+ 48. Ke4 Qg2+ 49. Ke5 Qe2+ 50.
Kf5 Qc2+ 51. Kg4 Qe2+ 52. Kg3 Qe3+ 53. Kh2 Qxf4+ 54. Kg2 Qe4+ 55. Kf2 Qf4+ 56. Kg2 Qg4+ 57. Kf2 Qf4+ 58. Kg2 1/2-1/2

[Event "Early-Titled-Tuesday-Blitz-March-26-2024"]
[Site "Chess.com"]
[Date "2024.03.26"]
[Round "6"]
[White "LuisFSiles"]
[Black "ATM622"]
[Result "0-1"]
[WhiteElo "2313"]
[BlackElo "2500"]
[TimeControl "180+1"]
[EndTime "9:05:31 PDT"]
[Termination "ATM622 won on time"]

1. e4 c6 2. d4 d5 3. exd5 cxd5 4. c4 e6 5. Nc3 Nf6 6. Nf3 a6 7. cxd5 exd5 8. Bd3 Be7 9. h3 Nc6 10. Bf4 b5 11. O-O O-O 12. Rc1 Bb7 13. Bb1 Rc8 14. Be5 Nxe5 15. dxe5 Ne4 16. Qd3 Bb4 17. Rfd1 Qb6 18. Nxd5 Qxf2+ 19. Kh1 Bxd5 20. Qxd5 Ng3+ 21. Kh2 Rxc1 22. Rxc1 Ne2 23. Qe4 g6 24. Rc2 Qg3+ 25. Kh1 Nf4 26. Qxb4 Nxg2 27. Qg4 Qxg4 28. hxg4 Ne3 29.
Rc6 Rd8 30. Be4 Rd1+ 31. Kh2 Nxg4+ 32. Kg3 h5 33. Rxa6 Kg7 34. Ra7 Kg8 35. Bc6 Rd3 36. Kf4 Kf8 37. Bxb5 Rd5 38. Bc4 Rc5 39. b3 Rc6 40.
Rxf7+ Ke8 41. e6 Rd6 42. Ne5 Rd4+ 43. Kg5 Nxe5 44. Ra7 Kd8 45. Kf6 Ng4+ 46. Kxg6 Ne5+ 47. Kf6 Nxc4 48. bxc4 Rf4+ 49. Kg5 Rxc4 0-1

[Event "Early-Titled-Tuesday-Blitz-March-26-2024"]
[Site "Chess.com"]
[Date "2024.03.26"]
[Round "6"]
[White "Hui_Li_Macau"]
[Black "kriscacco"]
[Result "0-1"]
[WhiteElo "2388"]
[BlackElo "2178"]
[TimeControl "180+1"]
[EndTime "9:05:31 PDT"]
[Termination "kriscacco won by resignation"]

1. e4 g6 2. d4 Bg7 3. Nc3 d6 4. f4 c6 5. Nf3 Nd7 6. Bd3 e5 7. dxe5 dxe5 8. O-O Qa5 9. Kh1 Ngf6 10. fxe5 Ng4 11. e6 fxe6 12. Ng5 Ndf6 13. Bf4 Qc5 14. Qe2 h6 15. e5 hxg5 16. exf6 Nxf6 17. Bxg6+ Ke7 18.
Qe5 Qxe5 19. Bxe5 Rh6 20. Bd3 Ne8 21. Bxg7 Nxg7 22. Kg1 Bd7 23. Ne4 g4 24. Nc5 Be8 25.
Rae1 b6 26. Nb3 Bg6 27. Nd4 Bxd3 28. cxd3 c5 29. Ne2 Nf5 30. Ng3 Nxg3 31. hxg3 Rf8 32. Rxf8 Kxf8 33. Re4 Rg6 34. Kf2 Ke7 35. Ke3 Kd6 36.
d4 c4 37. b3 cxb3 38. axb3 Rg5 39. Kf4 Rb5 40. Kxg4 Rxb3 41. Kh4 a5 42. g4 a4 43. g5 a3 44. Re1 a2 45. Ra1 Rb2 46. g4 b5 47. Kh5 Ke7 48. Kg6 b4 49. Kh7 b3 50.
g6 Rh2+ 51. Kg8 b2 52. Rxa2 b1=Q 53. Rxh2 Qxg6+ 54. Kh8 Qxg4 55. Rh7+ Kd6 56. Rg7 Qxd4 57. Kg8 Qxg7+ 58. Kxg7 e5 0-1

[Event "Early-Titled-Tuesday-Blitz-March-26-2024"]
[Site "Chess.com"]
[Date "2024.03.26"]
[Round "6"]
[White "Better_Chess_Faster"]
[Black "Nechitaylo_Nikita"]
[Result "0-1"]
[WhiteElo "2174"]
[BlackElo "2380"]
[TimeControl "180+1"]
[EndTime "9:05:31 PDT"]
[Termination "Nechitaylo_Nikita won by checkmate"]

1. d4 Nf6 2. Bg5 Ne4 3. Bf4 c5 4. d5 e6 5. f3 Qa5+ 6. c3 Nf6 7. e4 exd5 8. exd5 d6 9. a4 Be7 10. Na3 O-O 11. Nc4 Qc7 12. g4 Re8 13. Kf2 Nbd7 14. h4 b6 15. h5 Bb7 16. Ne3 h6 17. c4 Ne5 18. Bxe5 dxe5 19. Nh3 e4 20. f4 Bd6 21. Kg3 g5 22. Ng2 e3 23. Be2 gxf4+ 24. Ngxf4 Bxf4+ 25. Nxf4 Ne4+ 26. Kf3 Nf2 27. Qc2 Re4 28. Rh2 Qxf4+ 29. Kg2 Rae8 30. Rf1 Qe5 31. Bf3 Nxg4 32. Bxg4 e2 33.
Re1 Rxg4+ 34. Kh1 Qe4+ 35. Qxe4 Rgxe4 36. Rg2+ Kf8 37. Rf2 Ba6 38. b3 Re3 39. Kg2 Rxb3 40. Rfxe2 Rxe2+ 41. Rxe2 Bxc4 42. Rf2 Bxd5+ 43. Kg1 Rb1+ 44.
Kh2 Rh1+ 45. Kg3 Rxh5 46. Rf6 Rg5+ 47. Kf4 Kg7 48. Rd6 Be6 49. Rc6 Rg4+ 50. Kf3 Rxa4 51. Rc7 h5 52. Kg3 h4+ 53. Kg2 h3+ 54. Kh2 Ra2+ 55.
Kg1 h2+ 56. Kh1 Bd5# 0-1

[Event "Early-Titled-Tuesday-Blitz-March-26-2024"]
[Site "Chess.com"]
[Date "2024.03.26"]
[Round "6"]
[White "Durarbayli"]
[Black "Hikaru"]
[Result "0-1"]
[WhiteElo "2930"]
[BlackElo "3270"]
[TimeControl "180+1"]
[EndTime "9:05:33 PDT"]
[Termination "Hikaru won on time"]

1. e4 c6 2. d4 d5 3. exd5 Qxd5 4. c4 Qa5+ 5. Nc3 Nf6 6. Nf3 g6 7. h3 Bg7 8. Bd3 Bf5 9. O-O Bxd3 10. Qxd3 O-O 11. Re1 e6 12. Bf4 Rd8 13. Rad1 Nbd7 14. Bd6 Bf8 15. b4 Qf5 16. Qxf5 exf5 17. Be7 Bxe7 18.
Rxe7 Kf8 19. Re3 Nb6 20. Ne5 Nfd7 21. c5 Nxe5 22. Rxe5 Nd7 23. Re2 Nf6 24. d5 cxd5 25. Red2 Rd7 26. f3 Rad8 27. Rd4 g5 28. Kf2 h6 29. h4 Kg7 30. hxg5 hxg5 31. Ke3 f4+ 32. Kd2 Kg6 33. Re1 Ng8 34. Kc2 Ne7 35. Kb3 Nf5 36.
Rd3 d4 37. Ne4 Rh8 38. Re2 Rh1 39. Red2 Rb1+ 40. Rb2 Rg1 41. Rbd2 Rc7 42. Nd6 Ne3 43.
Rxd4 Nxg2 44. Re4 Ne1 45. Rf2 Nd3 46. Rd2 Ne1 47. Rf2 a5 48. a3 Nd3 49. Rd2 Ne1 50.
Rf2 b6 51. cxb6 Rd7 52. b7 Rd8 53. Rd2 Nxf3 54. Rd5 axb4 55. axb4 Rb8 56. Rc4 g4 57. Rxf4 Ng5 58. Rff5 Ne6 59. Rxf7 g3 60. Re7 Re1 61. Rd2 Nd4+ 62. Rxd4 Rxe7 63. Rg4+ Kf6 64. Rxg3 Ke6 65. Rd3 Rd7 0-1

[Event "Early-Titled-Tuesday-Blitz-March-26-2024"]
[Site "Chess.com"]
[Date "2024.03.26"]
[Round "6"]
[White "jk13"]
[Black "eljanov"]
[Result "0-1"]
[WhiteElo "2715"]
[BlackElo "2915"]
[TimeControl "180+1"]
[EndTime "9:05:33 PDT"]
[Termination "eljanov won by resignation"]

1. e4 c6 2. Nc3 d5 3. Nf3 dxe4 4.
Nxe4 Nf6 5. Qe2 Nxe4 6. Qxe4 Be6 7. c4 Nd7 8. d4 Nf6 9. Qe3 Bf5 10. Be2 e6 11. O-O Be7 12. b3 O-O 13. Bb2 a5 14. h3 a4 15. Ne5 h6 16. Rfd1 Qb6 17. Bd3 Bxd3 18. Qxd3 Rfd8 19. Qc2 c5 20. dxc5 Bxc5 21. Nf3 a3 22. Bc3 Bb4 23. Bd4 Qa5 24. Rd3 Bc5 25. Bxf6 gxf6 26. Rad1 Qb6 27. Rxd8+ Rxd8 28. Rxd8+ Qxd8 29. Qd2 Qxd2 30. Nxd2 f5 31. Kf1 Kg7 32.
Ke2 Kf6 33. f4 Bd6 34. Ke3 Bc5+ 35. Ke2 Ke7 36. Nf3 h5 37. Ne5 f6 38. Nd3 Bd4 39. Kf3 e5 40. Ke2 Kd6 41. Nb4 e4 42. Nd5 b5 43. Nb4 bxc4 44. bxc4 Kc5 45. Nc2 Bb2 46. Ne3 Bc1 47. Nxf5 Bxf4 48. g4 hxg4 49. hxg4 Kxc4 50.
Kd1 Kc3 51. Ke2 Kb2 52. Nd4 Kxa2 53. Ne6 Bd6 54. Ke3 Kb1 55. Kxe4 a2 0-1